 Dungeon Crawl Stone Soup version 0.27.0-1-g7a089689b8 (webtiles) character file.

Game seed: 16789291607475438613

64391 SnakkuSnakku7 the Severer (level 15, -7/70 HPs)
             Began as a Vine Stalker Berserker on Aug 11, 2021.
             Was the Champion of Trog.
             Mangled by a frost giant (19 damage)
             ... on level 1 of the Depths.
             The game lasted 00:23:04 (13501 turns).

SnakkuSnakku7 the Severer (Vine Stalker Berserker) Turns: 13501, Time: 00:23:05

Health: -7/70      AC: 24    Str: 26    XL:     15   Next: 12%
Magic:  0/16       EV: 13    Int:  7    God:    Trog [******]
Gold:   1370       SH: 13    Dex: 17    Spells: 14/14 levels left

rFire    + . .     SeeInvis .   a - +5 broad axe (vorpal)
rCold    + . .     Faith    +   h - +0 kite shield
rNeg     + . .     Spirit   +   A - +6 chain mail of the Last Visions {-Cast rElec rPois Dex+3}
rPois    +         Reflect  .   k - +1 helmet
rElec    +         Harm     .   (no cloak)
rCorr    .         Rampage  .   P - +2 pair of gloves {Stlth+}
Will     +....     NoCast   +   L - +0 pair of boots
Stlth    ..........             r - amulet of faith
HPRegen  1.21/turn              p - ring "Ixep" {*Slow rF+ rC+ rN+}
MPRegen  0.15/turn              x - +4 ring of evasion

@: on berserk cooldown, slowed, studying Staves, very slow
A: fangs 3, regeneration 1, magic shield, antimagic bite, no potion heal 2
a: Renounce Religion, Berserk, Trog's Hand, Brothers in Arms


You were on level 1 of the Depths.
You worshipped Trog.
Trog was exalted by your worship.
You visited 2 branches of the dungeon, and saw 16 of its levels.
You also visited: Gauntlet.

You collected 1370 gold pieces.

Inventory:

Hand Weapons
 a - a +5 vorpal broad axe (weapon)
 b - a +2 short sword of flaming
Missiles
 G - a throwing net (quivered)
Armour
 h - a +0 kite shield (worn)
 k - a +1 helmet (worn)
 A - the +6 chain mail of the Last Visions (worn) {-Cast rElec rPois Dex+3}
   (You found it on level 7 of the Dungeon)

   Dex:       It affects your dexterity (+3).
   rElec:     It insulates you from electricity.
   rPois:     It protects you from poison.
   -Cast:     It prevents spellcasting.
 L - a +0 pair of boots (worn)
 N - +0 fire dragon scales
 P - a +2 pair of gloves of stealth (worn)
Jewellery
 o - the amulet "Ojong" {Acrobat rC+ Str+3 Dex+4}
   (You found it on level 4 of the Dungeon)

   [amulet of the acrobat]

   It increases your evasion while moving and waiting.
   Str:       It affects your strength (+3).
   Dex:       It affects your dexterity (+4).
   rC:        It protects you from cold.
 p - the ring "Ixep" (left hand) {*Slow rF+ rC+ rN+}
   (You found it in a Gauntlet)

   [ring of protection from fire]

   rF:        It protects you from fire.
   rC:        It protects you from cold.
   rN:        It protects you from negative energy.
   *Slow:     It may slow you when you take damage.
 r - an amulet of faith (around neck)
 x - a +4 ring of evasion (right hand)
 D - a ring of protection from fire
 I - a ring of magical power
Wands
 g - a wand of paralysis (12)
 i - a wand of flame (30)
 j - a wand of polymorph (14)
 m - a wand of mindburst (30)
 s - a wand of acid (4)
 y - a wand of charming (10)
 J - a wand of digging (5)
Scrolls
 c - 5 scrolls of teleportation
 f - 2 scrolls of enchant armour
 l - 2 scrolls of summoning {unknown}
 v - 2 scrolls of holy word
 w - 2 scrolls of fear
 B - 2 scrolls of brand weapon
 F - 2 scrolls of fog {unknown}
 M - 2 scrolls of immolation
Potions
 d - a potion of berserk rage
 n - 4 potions of cancellation
 q - 3 potions of might
 t - 3 potions of flight
 u - 7 potions of curing
 z - 3 potions of attraction
 C - 3 potions of ambrosia
 E - 2 potions of magic
 K - 2 potions of mutation
Miscellaneous
 O - a box of beasts


   Skills:
 - Level 3.8 Fighting
 - Level 18.0 Axes
 - Level 10.0 Armour
 + Level 3.4 Dodging
 - Level 10.0 Shields


You had 14 spell levels left.
You didn't know any spells.
Your spell library was empty.

Dungeon Overview and Level Annotations

Branches:
Dungeon (15/15)            Temple (0/1) D:4            Lair (0/6) D:8
    Orc (0/2) D:12         Vaults (0/5) D:13         Depths (1/5) D:15
Gauntlet (visited)

Altars:
Ashenzari
Cheibriados
Elyvilon
Gozag
Kikubaaqudgha
Makhleb
Nemelex Xobeh
Qazlal
Ru
Sif Muna
Trog
Uskayaw
Vehumet
Xom
Yredelemnul
The Shining One

Shops:
D:12 (   D:13 (

Portals:
Trove: D:15 (give +3 storm dragon scales)


Innate Abilities, Weirdness & Mutations

You have razor-sharp teeth.
Your natural rate of healing is unusually fast.
When hurt, damage is shared between your health and your magic reserves.
Your bite disrupts and absorbs the magic of your enemies.
Potions cannot restore your health.


Message History

The stone giant hits you but does no damage.
You slash the stone giant!
You kill the stone giant!
Trog accepts your kill.
Your Dodging skill increases to level 3!
A frost giant comes into view.
It is wielding a +1 battleaxe of freezing.
The frost giant shouts!
Things that are here:
2 large rocks; a stone giant corpse You see here a +0 battleaxe of freezing.
The frost giant points at you and mumbles some strange words.
The bolt of cold hits you!! You resist.
The frost giant gestures at you while chanting.
The bolt of cold hits you! You resist.
The frost giant hits you with a +1 battleaxe of freezing.
You hit the frost giant. You bite the frost giant.
The frost giant's magic leaks into the air.
You drain its magic.
You feel invigorated.
The frost giant is lightly wounded.
You block the frost giant's attack.
Your chain mail of the Last Visions prevents you from hitting the frost giant.
The frost giant is lightly wounded.
You block the frost giant's attack.
The frost giant hits you with a +1 battleaxe of freezing!!
* * * LOW HITPOINT WARNING * * *
The frost giant freezes you.
* * * LOW HITPOINT WARNING * * *
You slash the frost giant! You bite the frost giant.
The frost giant's magic leaks into the air.
You drain its magic.
You feel invigorated.
The frost giant is moderately wounded.
The frost giant points at you and mumbles some strange words.
The bolt of cold hits you! You resist.
* * * LOW HITPOINT WARNING * * *
Okay, then.
As you read the scroll of fear, it crumbles to dust.
You assume a fearsome visage.
The frost giant resists with almost no effort.
The frost giant hits you with a +1 battleaxe of freezing!!
You die...

## ###... ### .(.... ...
. ...... ####### ..
...... ..... ...
......############ ...#
.........).....C.# .....
........(#######@#......
......<.....# #........
.#.............#..#####.
#..................
#..............######
#.#............ ..
#.#.......[.... #. #
#.....##..... .
#.....#...###


You could see a frost giant.

Vanquished Creatures
  A fire giant (D:15)
  A frost giant (Depths:1)
  A stone giant (Depths:1)
  An ironbound preserver (D:13)
  A minotaur (Gauntlet)
  A fire dragon (D:14)
  A rakshasa (D:15)
  An ice dragon (Depths:1)
  2 boulder beetles
  5 hydras
  4 catoblepae
  13 centaur warriors
  2 tengu warriors
  8 skeletal warriors
  A deep troll (D:14)
  A deep elf zephyrmancer (D:14)
  A harpy (shapeshifter) (D:15)
  An orc knight (D:15)
  15 ugly things
  3 deep elf pyromancers
  A faun (shapeshifter) (D:14)
  A worldbinder (Gauntlet)
  13 cyclopes
  5 manticores
  A smoke demon (Gauntlet)
  4 gargoyles
  A kobold demonologist (D:10)
  2 efreet
  2 unseen horrors (D:10)
  A yaktaur (D:15)
  A minotaur zombie (Gauntlet)
  A red devil (Gauntlet)
  Grinder (D:3)
  Prince Ribbit (D:7)
  A hornet (D:9)
  A raiju (shapeshifter) (D:14)
  5 slime creatures
  A shadow (D:10)
  2 water elementals (D:11)
  A wraith (D:11)
  2 vampires
  29 yaks
  A tarantella (shapeshifter) (D:14)
  A wyvern (D:11)
  3 basilisks
  7 vampire mosquitoes
  A large abomination (Gauntlet)
  Menkaure (D:7)
  3 acid dragons
  A water moccasin (D:5)
  9 orc warriors
  A hornet zombie (D:4)
  2 ice beasts
  3 sky beasts
  3 boggarts (Gauntlet)
  An ogre (D:4)
  18 centaurs
  4 small abominations (Gauntlet)
  2 phantoms
  2 kobold brigands
  3 bullfrogs
  A wyvern zombie (D:7)
  A gnoll sergeant (D:8)
  2 scorpions
  A water moccasin skeleton (D:6)
  10 killer bees
  4 wights (D:10)
  6 electric eels (D:11)
  4 crimson imps (Gauntlet)
  2 bullfrog zombies
  6 howler monkeys
  4 hounds
  4 centaur zombies
  5 jellies
  7 orc priests
  3 centaur skeletons
  An iron imp (D:5)
  An iguana (D:6)
  12 orc wizards
  2 killer bee zombies
  Robin (D:3)
  4 howler monkey zombies
  7 adders
  5 gnolls (D:8)
  A shadow imp (D:6)
  2 white imps
  An ufetubus (D:5)
  An adder zombie (D:5)
  2 worms
  3 dart slugs
  36 orcs
  10 ball pythons
  4 bats
  11 endoplasms
  3 giant cockroaches (D:1)
  19 goblins
  6 hobgoblins
  4 jackals (D:3)
  23 kobolds
  6 quokkas
  2 frilled lizards (D:1)
  6 rats
440 creatures vanquished.

Vanquished Creatures (collateral kills)
  A freezing wraith (D:14)
1 creature vanquished.

Grand Total: 441 creatures vanquished

Notes
Turn   | Place    | Note
-------+----------+-------------------------------------------
     0 | D:1      | SnakkuSnakku7 the Vine Stalker Berserker began the quest
                  | for the Orb.
     0 | D:1      | Reached XP level 1. HP: 11/11 MP: 2/2
   142 | D:1      | Reached skill level 3 in Axes
   142 | D:1      | Reached XP level 2. HP: 10/16 MP: 3/3
   432 | D:1      | Reached XP level 3. HP: 1/20 MP: 2/4
  1119 | D:2      | Reached ** piety under Trog
  1742 | D:2      | Found a faded altar of an unknown god.
  1851 | D:3      | Gained mutation: Your natural rate of healing is unusually
                  | fast. [Vine Stalker growth]
  1851 | D:3      | Reached XP level 4. HP: 19/25 MP: 5/5
  1986 | D:3      | Noticed Grinder
  1986 | D:3      | Noticed Robin
  2020 | D:3      | Reached skill level 4 in Axes
  2034 | D:3      | Killed Robin
  2035 | D:3      | Reached skill level 1 in Shields
  2035 | D:3      | Reached XP level 5. HP: 20/29 MP: 3/6
  2046 | D:3      | Killed Grinder
  2047 | D:3      | Reached XP level 6. HP: 33/33 MP: 2/7
  2619 | D:4      | Reached skill level 5 in Axes
  2635 | D:4      | Identified the amulet "Ojong" {Acrobat rC+ Str+3 Dex+4}
  2759 | D:4      | Reached XP level 7. HP: 23/37 MP: 8/8
  2812 | D:4      | Reached *** piety under Trog
  3013 | D:4      | Found a staircase to the Ecumenical Temple.
  3085 | D:4      | Reached skill level 6 in Axes
  3174 | D:4      | Found a sparkling altar of Nemelex Xobeh.
  3302 | D:5      | Entered Level 5 of the Dungeon
  3313 | D:5      | Gained mutation: You have razor-sharp teeth. [Vine Stalker
                  | growth]
  3313 | D:5      | Reached XP level 8. HP: 40/42 MP: 4/9
  3361 | D:5      | Reached skill level 5 in Shields
  3436 | D:5      | Found a sacrificial altar of Ru.
  3447 | D:5      | Reached skill level 7 in Axes
  3539 | D:5      | Found a snail-covered altar of Cheibriados.
  3599 | D:5      | Found a shimmering blue altar of Sif Muna.
  3614 | D:5      | Found an ancient bone altar of Kikubaaqudgha.
  3616 | D:5      | Reached **** piety under Trog
  3630 | D:5      | Found a radiant altar of Vehumet.
  4228 | D:6      | Reached XP level 9. HP: 37/45 MP: 7/10
  4318 | D:6      | Reached skill level 8 in Axes
  4445 | D:6      | Found a burning altar of Makhleb.
  4826 | D:6      | You fall into a shaft and drop 2 floors!
  4908 | D:6      | You fall into a shaft and drop 2 floors!
  5024 | D:6      | Found an opulent altar of Gozag.
  5024 | D:6      | Found a glowing golden altar of the Shining One.
  5031 | D:6      | Found a faded altar of an unknown god.
  5033 | D:6      | Found a faded altar of an unknown god.
  5035 | D:6      | Found a white marble altar of Elyvilon.
  5246 | D:7      | Noticed Menkaure
  5255 | D:7      | Killed Menkaure
  5433 | D:7      | Noticed Prince Ribbit
  5440 | D:7      | Killed Prince Ribbit
  5441 | D:7      | Reached skill level 9 in Axes
  5445 | D:7      | Reached ***** piety under Trog
  5853 | D:7      | Identified the +6 chain mail of the Last Visions {-Cast
                  | rElec rPois Dex+3}
  5884 | D:8      | Found a broken altar of Ashenzari.
  5904 | D:8      | Received a gift from Trog
  6018 | D:8      | Reached XP level 10. HP: 44/49 MP: 9/11
  6042 | D:8      | Found a staircase to the Lair.
  6241 | D:8      | Identified the +3 ring mail of Trumpets {rN+ rCorr Slay+5}
  6554 | D:9      | Reached skill level 10 in Axes
  6698 | D:9      | Reached skill level 10 in Shields
  6703 | D:9      | Found a shimmering altar of Xom.
  6739 | D:9      | Found a hide-covered altar of Uskayaw.
  6780 | D:9      | Found a bloodstained altar of Trog.
  6916 | D:9      | Found a shimmering altar of Xom.
  6998 | D:10     | Entered Level 10 of the Dungeon
  7003 | D:10     | Noticed a gargoyle
  7016 | D:10     | Killed a gargoyle
  7017 | D:10     | Reached skill level 11 in Axes
  7017 | D:10     | Reached XP level 11. HP: 53/53 MP: 8/12
  7180 | D:10     | Found a stormy altar of Qazlal.
  7217 | D:10     | Noticed a centaur warrior
  7227 | D:10     | Noticed a manticore
  7234 | D:10     | Killed a manticore
  7242 | D:10     | Reached skill level 12 in Axes
  7292 | D:10     | Killed a centaur warrior
  7354 | D:10     | Found a basalt altar of Yredelemnul.
  7382 | D:10     | Noticed a seven-headed hydra
  7516 | D:10     | Received a gift from Trog
  7557 | D:10     | Killed a ten-headed hydra
  7558 | D:10     | Reached skill level 13 in Axes
  7860 | D:11     | Noticed a cyclops
  7879 | D:11     | Killed a cyclops
  7901 | D:11     | Noticed a cyclops
  7933 | D:11     | Killed a cyclops
  7969 | D:11     | Reached XP level 12. HP: 45/58 MP: 13/13
  8192 | D:12     | Reached skill level 14 in Axes
  8238 | D:12     | Noticed a centaur warrior
  8247 | D:12     | Killed a centaur warrior
  8356 | D:12     | Found a staircase to the Orcish Mines.
  8458 | D:12     | Found Rydod's Antique Weapon Boutique.
  8860 | D:11     | Reached skill level 15 in Axes
  8917 | D:11     | Found a glowing golden altar of the Shining One.
  8953 | D:11     | Reached ****** piety under Trog
  8955 | D:11     | Received a gift from Trog
  9565 | D:13     | Found Famofua's Weapon Emporium.
  9585 | D:13     | HP: 1/87 [skeletal warrior (17)]
  9790 | D:13     | Noticed a catoblepas
  9853 | D:13     | Reached skill level 16 in Axes
  9853 | D:13     | Reached XP level 13. HP: 61/61 MP: 14/14
 10016 | D:13     | Found a gate to the Vaults.
 10016 | D:13     | Noticed an ironbound preserver
 10024 | D:13     | Killed an ironbound preserver
 10574 | D:14     | Reached skill level 17 in Axes
 10867 | D:14     | Received a gift from Trog
 10871 | D:14     | Noticed a fire dragon
 10883 | D:14     | Killed a fire dragon
 10916 | D:14     | Reached skill level 18 in Axes
 11018 | D:14     | Reached XP level 14. HP: 50/65 MP: 15/15
 11169 | D:14     | Reached skill level 5 in Armour
 11173 | D:14     | You fall into a shaft and drop 1 floor!
 11173 | D:15     | Entered Level 15 of the Dungeon
 11249 | D:15     | Found a gate leading to a gauntlet.
 11258 | Gauntlet | Entered a Gauntlet
 11258 | Gauntlet | Found a transporter.
 11258 | Gauntlet | Found a transporter.
 11258 | Gauntlet | Found a transporter.
 11262 | Gauntlet | Found a transporter.
 11264 | Gauntlet | Found a transporter.
 11277 | Gauntlet | Found a transporter.
 11292 | Gauntlet | Found a transporter.
 11298 | Gauntlet | Found a transporter.
 11306 | Gauntlet | Found a transporter.
 11324 | Gauntlet | Found a transporter.
 11335 | Gauntlet | Found a transporter.
 11349 | Gauntlet | Found a transporter.
 11480 | Gauntlet | Identified the ring "Ixep" {*Slow rF+ rC+ rN+}
 11697 | Gauntlet | Received a gift from Trog
 12780 | D:15     | Found a staircase to the Depths.
 12780 | D:15     | Noticed a fire giant
 12958 | D:15     | Found a portal to a secret trove of treasure.
 13034 | D:15     | Killed a fire giant
 13231 | D:15     | Reached XP level 15. HP: 51/70 MP: 14/16
 13396 | D:15     | Reached skill level 10 in Armour
 13445 | Depths:1 | Entered Level 1 of the Depths
 13451 | Depths:1 | Noticed a frost giant
 13472 | Depths:1 | Killed a frost giant
 13487 | Depths:1 | Noticed a frost giant
 13501 | Depths:1 | Mangled by a frost giant

Illustrated notes

Levels and vault maps discovered:
D:1:      noname_arrival_rooms_in_the_neighbourhood, layout_basic, serial_glass,
          glass_columns_a, glass_columns_a, hangedman_feature_mirror,
          grunt_decor_clamped, chequers_mini_garden
D:2:      layout_basic, chequers_ecumenical_altar_simple_redux,
          kennysheep_generic_room_4
D:3:      layout_basic, grunt_decor_cap, skrybe_limestone_x, uniq_grinder,
          uniq_robin
D:4:      layout_cave_pools, nemelex_diamond_rough_becter,
          lemuel_temple_firewalk_b, grunt_ministairs_8, minmay_manual_mess
D:5:      layout_cave_pools, palyth_temple_overflow_mages,
          general_overflow_altar, slow_altar_2, minmay_tree_intersection,
          hangedman_abyss_or_decor_stabs
D:6:      layout_basic, makhleb_blood_cavern_becter,
          chequers_temple_overflow_minitemple
D:7:      layout_loops_ring, uniq_menkaure, uniq_prince_ribbit1
D:8:      layout_basic, lemuel_doored_altar, lair_entry_dummy, st_stairs_4
D:9:      layout_rooms, xom_redecorated, trog_hazing_becter,
          eat_drink_and_be_merry_uskayaw
D:10:     minmay_clustersquares, layout_basic, nicolae_qazlal_general_emergency,
          mainiacjoe_overflow_24_doors, feat_on_display
D:11:     erik_rubicon_b, layout_loops_ring, nicolae_tso_swordbearing_angel
D:12:     layout_basic, hiddenorc1_lemuel, serial_shops, nicolae_diamond_shop
D:13:     layout_long_grid, skrybe_vaults_entry_preservation, serial_shops,
          nicolae_take_the_stairs
D:14:     minmay_the_grid_four_pointed_star
          [minmay_the_grid_triangle_9x9_dagger,
          minmay_the_grid_triangle_9x9_sparse_checkered,
          minmay_the_grid_triangle_9x9_semitri,
          minmay_the_grid_triangle_9x9_skeleton,
          minmay_the_grid_prize_big_room], layout_layer_cave, chequers_avenue
D:15:     grunt_enter_depths_giant_problem, layout_irregular_city,
          enter_trove_1, chequers_serial_rivers_small_3, gauntlet_entry_generic,
          grunt_ministairs_7
Depths:1: layout_cave_shapes, grunt_mini_vestibule, pan_entry,
          serial_co_window_serial, co_window_of_opportunity_a,
          co_window_corner_a, co_window_paths_a, co_window_cross_1,
          co_window_corner_a, co_window_of_opportunity_a, co_window_paths_a,
          co_window_2corner, co_window_broadway_a, co_window_unsneaky_path_b,
          co_window_broadway_b, co_window_corner_cb, co_window_paths_c,
          co_window_of_opportunity_c, glass_columns_b, glass_columns_a

Skill      XL: |  1  2  3  4  5  6  7  8  9 10 11 12 13 14 15 |
---------------+----------------------------------------------+-----
Fighting       | 3 |  3.8
Axes           | 3 4 5 6 7 9 11 13 16 18 | 18.0
Shields        | 1 2 3 4 6 8 10 | 10.0
Armour         | 2 9 10 | 10.0
Dodging        | 3 |  3.4

Action                   |  1- 3 |  4- 6 |  7- 9 | 10-12 | 13-15 || total
-------------------------+-------+-------+-------+-------+-------++-------
Melee: Hand axe          |    93 |   117 |    81 |       |       ||   291
       Bite              |    25 |    33 |   105 |   182 |   207 ||   552
       War axe           |       |       |   186 |       |       ||   186
       Broad axe         |       |       |     4 |   453 |   394 ||   851
       Short sword       |       |       |       |     4 |    24 ||    28
Invok: Berserk           |     3 |     2 |     8 |    14 |    14 ||    41
       Trog's Hand       |       |     1 |       |     3 |       ||     4
       Brothers in Arms  |       |       |       |       |     1 ||     1
Evoke: Wand              |       |       |       |    10 |       ||    10
  Use: Scroll            |     1 |       |     8 |    13 |    10 ||    32
       Potion            |       |       |       |       |     1 ||     1
 Stab: Sleeping          |     1 |       |       |       |       ||     1
Armor: Animal skin       |     9 |       |       |       |       ||     9
       Chain mail        |    37 |    44 |   145 |   248 |   245 ||   719
       Plate armour      |       |       |     4 |       |       ||     4
Dodge: Dodged            |    54 |    35 |    92 |   113 |   146 ||   440
Block: Kite shield       |       |       |   102 |   334 |   245 ||   681
